Map: Orbital Shipyard

Players

Beastyqt - Winner!

  • Race: Terran Terran
  • League: Diamond

Залупка

  • Race: Protoss Protoss
  • League: Master

VOD

Have the link to the VOD?

Description

Time

  • Played on: Sept. 5, 2015, 3:34 p.m.
  • Length: 21:39
Show
View Real Time Build Order
Export as new Build Order

Beastyqt Terran - Winner!

Build Orders: 1/1/1, MMM Bio 

Get SALT Encoding   

  12  0:01  SCV  
  13  0:13  SCV  
  14  0:19  Supply Depot  
  14  0:26  SCV  
  15  0:41  SCV  
  16  0:43  Barracks  
  16  0:49  Refinery  
  16  0:53  SCV  
  16  0:55  Refinery  
  17  1:05  SCV  
  18  1:17  SCV  
  19  1:31  Marine, Orbital Command  
  20  1:39  Factory  
  20  1:47  Supply Depot  
  20  1:49  Barracks Reactor  
  20  1:58  SCV  
  21  2:10  SCV  
  21  2:15  Supply Depot  
  22  2:22  SCV  
  23  2:29  Starport  
  23  2:31  Marine  
  23  2:32  Marine  
  23  2:34  SCV, Widow Mine  
  28  2:51  SCV  
  29  2:54  Command Center  
  29  2:55  Marine  
  29  2:56  Marine  
  30  3:02  Supply Depot  
  32  3:10  SCV  
  31  3:13  Marine x2  
  31  3:17  Barracks  
  33  3:23  SCV  
  33  3:26  Barracks  
  34  3:31  Marine  
  35  3:37  SCV  
  36  3:41  Engineering Bay  
  36  3:49  SCV, Marine x2  
  39  4:01  SCV  
  40  4:04  Barracks Tech Lab  
  40  4:09  Marine x2  
  42  4:10  Orbital Command  
  42  4:13  SCV  
  42  4:15  Barracks Tech Lab  
  42  4:16  Bunker  
  43  4:24  Stimpack, Marine  
  43  4:26  Marine  
  43  4:28  SCV  
  43  4:30  Marine  
  47  4:33  Marine  
  47  4:38  SCV  
  49  4:41  SCV  
  49  4:42  Marine  
  49  4:44  Widow Mine, Marine  
  54  4:48  Marine  
  54  4:51  SCV  
  54  4:52  Supply Depot  
  56  4:55  SCV  
  56  4:56  Starport  
  56  5:03  SCV  
  55  5:07  SCV  
  55  5:09  Marine x2  
  58  5:15  SCV  
  58  5:18  Marauder  
  58  5:20  SCV  
  62  5:22  Terran Infantry Weapons Level 1, Supply Depot  
  62  5:24  Marauder  
  62  5:27  SCV  
  65  5:32  SCV, Marine  
  65  5:33  Marine  
  65  5:34  Starport Reactor  
  68  5:36  Supply Depot  
  68  5:40  SCV  
  68  5:41  Combat Shields  
  69  5:44  SCV  
  70  5:52  SCV  
  70  5:56  SCV  
  71  5:59  Marauder  
  71  6:00  Command Center, Marauder  
  71  6:01  Marine  
  71  6:02  Marine  
  77  6:10  SCV  
  77  6:11  Missile Turret  
  78  6:12  SCV  
  78  6:13  Medivac  
  78  6:14  Missile Turret  
  81  6:18  Marine  
  81  6:19  Marine  
  81  6:20  Marine  
  81  6:21  Supply Depot  
  81  6:22  Medivac  
  87  6:25  SCV  
  87  6:26  SCV  
  87  6:31  Widow Mine  
  90  6:36  Refinery x2  
  90  6:37  SCV  
  90  6:38  SCV  
  90  6:39  Marauder x2  
  94  6:44  Marine x2  
  96  6:49  SCV  
  96  6:50  SCV  
  98  7:02  SCV x2  
  98  7:03  Supply Depot, Barracks x2  
  98  7:06  Widow Mine  
  102  7:11  Marauder x2, Marine  
  102  7:13  Supply Depot  
  102  7:14  SCV  
  108  7:16  Terran Infantry Armor Level 1  
  108  7:18  SCV  
  108  7:19  Supply Depot  
  108  7:20  Marine  
  110  7:24  Medivac  
  110  7:26  SCV  
  110  7:27  Medivac  
  111  7:34  SCV  
  111  7:37  Marauder  
  114  7:39  SCV  
  108  7:47  Marauder, Marine  
  108  7:48  SCV  
  105  7:51  Orbital Command  
  105  7:52  SCV  
  105  7:54  Marine, Medivac  
  105  7:57  Medivac  
  105  7:58  Barracks Tech Lab  
  111  8:00  SCV  
  111  8:02  Barracks Tech Lab  
  111  8:11  SCV  
  112  8:14  Marine  
  112  8:15  SCV, Marauder x2  
  112  8:18  Command Center  
  112  8:19  Supply Depot x2  
  114  8:21  SCV  
  114  8:22  Armory, Marauder, Marine  
  114  8:24  SCV  
  114  8:25  Engineering Bay  
  119  8:28  Medivac x2  
  123  8:35  SCV x2  
  123  8:38  SCV  
  123  8:40  Refinery, Missile Turret  
  123  8:41  Marauder x2, Marine x2  
  131  8:42  Marine  
  131  8:43  Marine  
  131  8:46  Refinery  
  131  8:47  SCV  
  134  8:56  SCV  
  134  8:58  Marine  
  134  8:59  Missile Turret  
  134  9:00  Missile Turret  
  134  9:01  Missile Turret  
  136  9:04  SCV  
  136  9:05  SCV  
  136  9:06  Starport  
  136  9:08  Liberator x2  
  136  9:13  Marauder x3  
  136  9:14  Marine x2  
  136  9:16  Marine  
  144  9:26  Terran Infantry Weapons Level 2  
  150  9:32  Marine x2  
  150  9:34  Marine  
  150  9:35  Command Center  
  152  9:42  Marine, Terran Infantry Armor Level 2, Marauder x2  
  157  9:50  Marine  
  158  9:52  Bunker  
  158  9:53  Missile Turret  
  158  9:54  Liberator, Terran Ship Weapons Level 1  
  158  9:56  Supply Depot  
  158  9:58  Ghost Academy  
  158  10:00  Orbital Command  
  158  10:11  Starport Reactor  
  161  10:14  Marine x2  
  161  10:15  Marauder x2  
  161  10:20  Barracks x3  
  161  10:21  Refinery x2  
  167  10:27  Concussive Shells, Marauder x2  
  171  10:28  Liberator  
  171  10:37  Liberator  
  171  10:38  Liberator  
  168  10:46  Ghost x2  
  168  10:47  Marine x2  
  168  10:49  Liberator  
  170  10:52  Command Center  
  176  10:57  Orbital Command  
  95  11:11  Liberator  
  179  11:13  Marine x2  
  182  11:20  Liberator  
  182  11:21  Command Center, Liberator  
  182  11:22  Command Center  
  182  11:27  Barracks Tech Lab  
  182  11:28  Barracks Tech Lab  
  182  11:30  Barracks Tech Lab  
  182  11:32  Liberator  
  190  11:46  Supply Depot  
  190  11:50  Missile Turret  
  190  11:51  Missile Turret  
  190  11:54  Liberator  
  193  11:56  Missile Turret  
  193  11:58  Missile Turret  
  193  11:59  Missile Turret  
  187  12:14  Sensor Tower, Marauder x4  
  200  12:16  Marauder  
  194  12:37  Marine  
  194  12:38  Marauder x2  
  194  12:40  Marine, Marauder  
  184  12:47  Medivac x2, Marauder x2  
  184  12:48  Marauder x2  
  184  12:50  Orbital Command x2  
  189  12:53  Planetary Fortress  
  189  12:55  Marine  
  189  12:57  Marine  
  191  13:01  Ghost x2  
  191  13:03  Starport Reactor  
  191  13:04  Missile Turret  
  195  13:06  Starport  
  195  13:07  Ghost  
  195  13:09  Command Center  
  197  13:14  Barracks Tech Lab  
  197  13:15  Terran Ship Weapons Level 2, Terran Infantry Weapons Level 3  
  197  13:16  Terran Infantry Armor Level 3  
  197  13:19  Refinery  
  197  13:20  Refinery  
  197  13:22  Command Center  
  196  13:30  Marine x2  
  189  13:44  Ghost x2  
  189  13:46  Marine x2, Marauder x2  
  189  13:48  Marine  
  200  13:55  Marine, Marauder  
  184  14:03  Medivac  
  184  14:04  Marauder x2, Medivac  
  184  14:06  Marine  
  184  14:07  Marauder x2  
  194  14:13  Marauder, Marine  
  194  14:14  Marauder  
  194  14:15  Starport Reactor  
  194  14:16  Liberator x2, Medivac x2, Marine  
  187  14:23  Marine  
  160  14:25  Marauder  
  160  14:26  Marauder  
  160  14:28  Marine x2  
  160  14:29  Planetary Fortress, Liberator x2  
  160  14:31  Missile Turret, Marine  
  160  14:34  Marauder  
  160  14:35  Marauder, Marine  
  171  14:41  Marine  
  171  14:44  Missile Turret  
  172  14:46  Marine x2, Marauder x2  
  172  14:48  Marine  
  185  14:52  Marine  
  185  14:53  Liberator  
  185  14:55  Marine  
  185  14:56  Marine  
  185  14:59  Marine  
  189  15:04  Marine  
  189  15:05  Marauder  
  189  15:06  Marine  
  193  15:07  Marine x2  
  193  15:09  Liberator  
  193  15:10  Marine  
  193  15:13  Planetary Fortress, Marine  
  200  15:16  Refinery  
  200  15:28  Refinery  
  200  15:40  Personal Cloaking  
  200  15:42  Supply Depot  
  200  15:52  Building Armor  
  200  16:02  Marauder  
  190  16:14  Liberator x2  
  190  16:15  Liberator x2  
  186  16:23  Marauder x2  
  183  16:29  Marauder x2  
  183  16:31  Marine, Marauder x2  
  179  16:34  Liberator x2  
  162  16:47  Marauder  
  162  16:48  Marauder x2  
  162  16:50  Marauder x2  
  162  16:52  Marauder x2, Marine x2  
  180  16:55  Command Center  
  180  16:56  Command Center  
  180  16:57  Liberator  
  180  17:06  Nuke  
  180  17:08  Refinery  
  180  17:09  Marine, Terran Ship Weapons Level 3, Marauder x2  
  180  17:10  Marine x2  
  180  17:12  Marauder x2  
  180  17:13  Marauder, Marine  
  192  17:27  Marine x2  
  192  17:28  Marine  
  195  17:30  Marine x2  
  195  17:31  Marauder  
  195  17:34  Marine  
  199  17:41  Marauder x2  
  190  17:45  Marine x2, Marauder  
  190  17:48  Marauder x2  
  188  17:52  Marauder, Marine  
  191  18:02  Marine  
  191  18:03  Marine, Marauder  
  195  18:06  Marauder  
  195  18:09  Marauder  
  195  18:10  Starport  
  195  18:11  Starport, Fusion Core  
  195  18:12  Starport x2  
  199  18:13  Starport  
  199  18:35  Missile Turret  
  199  18:36  Missile Turret  
  192  18:54  Marauder  
  192  18:55  Marauder x5  
  199  18:59  Marine, Marauder  
  200  19:17  Command Center  
  200  19:25  Starport Tech Lab  
  200  19:26  Starport Tech Lab x2  
  200  19:27  Weapon Refit  
  181  19:47  Marauder x2  
  180  19:54  Starport Tech Lab x2  
  180  19:55  Battlecruiser x2  
  180  19:56  Battlecruiser  
  180  19:58  Planetary Fortress  
  198  20:07  Missile Turret x2  
  198  20:10  Hi-Sec Auto Tracking, Behemoth Reactor  
  198  20:24  Missile Turret  
  198  20:27  Battlecruiser  
  196  20:30  Missile Turret  
  191  20:36  Missile Turret  
  191  20:37  Sensor Tower, Missile Turret  
  197  20:46  Planetary Fortress, Refinery x2  
  197  20:53  Missile Turret  
Show
View Real Time Build Order
Export as new Build Order

Залупка Protoss 

Build Orders: Oracle Opening 

Get SALT Encoding   

  12  0:01  Probe (Chrono Boost)  
  13  0:12  Probe (Chrono Boost)  
  14  0:17  Pylon  
  14  0:22  Probe (Chrono Boost)  
  15  0:35  Probe (Chrono Boost)  
  16  0:37  Gateway  
  16  0:45  Probe (Chrono Boost)  
  16  0:47  Assimilator  
  17  0:55  Probe (Chrono Boost)  
  18  1:05  Probe (Chrono Boost)  
  18  1:06  Pylon  
  19  1:15  Probe (Chrono Boost)  
  20  1:23  Cybernetics Core  
  20  1:25  Probe (Chrono Boost)  
  21  1:36  Probe (Chrono Boost)  
  22  1:45  Nexus  
  22  1:47  Probe (Chrono Boost)  
  22  1:52  Assimilator  
  23  1:59  Mothership Core (Chrono Boost)  
  25  2:03  Adept (Chrono Boost)  
  27  2:17  Probe (Chrono Boost)  
  28  2:28  Pylon  
  28  2:29  Probe  
  29  2:30  Adept (Chrono Boost)  
  31  2:46  Probe  
  31  2:48  Stargate  
  32  2:55  Probe (Chrono Boost)  
  32  2:58  Probe (Chrono Boost)  
  34  3:02  Warp Gate  
  34  3:06  Probe (Chrono Boost)  
  34  3:07  Forge  
  34  3:09  Probe (Chrono Boost)  
  36  3:13  Pylon  
  36  3:17  Probe (Chrono Boost)  
  36  3:19  Probe (Chrono Boost)  
  38  3:26  Probe (Chrono Boost)  
  38  3:29  Probe (Chrono Boost)  
  38  3:31  Oracle (Chrono Boost)  
  43  3:35  Probe  
  43  3:40  Probe (Chrono Boost)  
  45  3:41  Photon Cannon  
  45  3:44  Photon Cannon  
  45  3:46  Probe (Chrono Boost)  
  46  3:52  Probe (Chrono Boost)  
  46  3:53  Protoss Ground Weapons Level 1 (Chrono Boost), Assimilator  
  47  3:57  Probe (Chrono Boost)  
  47  3:58  Assimilator  
  47  4:02  Probe (Chrono Boost)  
  49  4:06  Phoenix  
  52  4:14  Gateway  
  51  4:17  Probe (Chrono Boost), Gateway  
  51  4:18  Probe (Chrono Boost)  
  51  4:21  Sentry  
  55  4:27  Probe (Chrono Boost), Pylon  
  55  4:28  Probe (Chrono Boost)  
  57  4:37  Probe x2 (Chrono Boost)  
  58  4:41  Twilight Council  
  58  4:44  Pylon  
  59  4:47  Probe  
  59  4:49  Probe  
  61  4:54  Pylon  
  61  4:57  Probe  
  62  5:05  Blink (Chrono Boost)  
  62  5:07  Probe  
  62  5:12  Pylon  
  60  5:21  Robotics Facility  
  60  5:22  Adept  
  62  5:33  Probe  
  62  5:34  Adept x2, Protoss Ground Weapons Level 2 (Chrono Boost)  
  67  5:42  Probe  
  67  5:45  Probe  
  67  5:49  Stalker  
  70  5:54  Probe, Photon Cannon  
  71  5:58  Probe  
  71  5:59  Photon Cannon  
  71  6:00  Dark Shrine  
  72  6:06  Stalker, Probe  
  72  6:07  Stalker  
  72  6:08  Observer (Chrono Boost)  
  78  6:14  Stalker  
  80  6:22  Pylon  
  80  6:28  Observer  
  80  6:31  Gateway  
  81  6:33  Gateway  
  81  6:35  Robotics Bay  
  81  6:39  Nexus  
  81  6:42  Pylon  
  81  6:44  Stalker  
  83  6:47  Stalker  
  83  6:48  Probe, Warp Prism, Charge  
  83  6:52  Probe  
  89  6:58  Stalker  
  89  7:00  Probe  
  92  7:04  Probe  
  93  7:12  Probe  
  94  7:16  Probe  
  95  7:23  Adept x3  
  95  7:24  Probe  
  95  7:25  Disruptor  
  95  7:28  Probe  
  104  7:36  Probe  
  99  7:40  Probe  
  99  7:43  Adept  
  99  7:44  Adept x2  
  78  8:01  Pylon  
  78  8:03  Pylon  
  78  8:04  Dark Templar  
  79  8:16  Disruptor  
  79  8:24  Probe  
  79  8:27  Protoss Ground Weapons Level 3 (Chrono Boost)  
  80  8:32  Stalker  
  80  8:33  Stalker x2  
  86  8:39  Nexus  
  86  8:42  Pylon  
  86  8:43  Pylon  
  86  8:45  Pylon  
  86  8:47  Pylon  
  86  9:06  Disruptor  
  89  9:11  Adept x3  
  89  9:12  Adept x2  
  89  9:16  Probe  
  95  9:29  Probe  
  95  9:30  Probe  
  97  9:32  Adept  
  97  9:33  Adept x3  
  97  9:34  Zealot  
  107  9:39  Assimilator  
  107  9:41  Probe  
  107  9:42  Probe, Disruptor  
  107  9:45  Assimilator  
  112  9:53  Probe, Dark Templar  
  112  9:55  Adept  
  112  9:56  Adept x2, Zealot  
  123  10:06  Photon Cannon  
  123  10:10  Photon Cannon  
  123  10:12  Photon Cannon  
  123  10:14  Photon Cannon  
  123  10:16  Stalker x2  
  123  10:19  Stalker  
  130  10:29  Warp Prism  
  130  10:31  Stalker x2  
  125  10:51  Stalker  
  125  10:52  Stalker x2  
  125  10:54  Stalker x2  
  135  11:05  Disruptor  
  135  11:08  Protoss Ground Armor Level 1 (Chrono Boost)  
  137  11:25  Pylon  
  137  11:27  Stalker x2  
  137  11:28  Stalker x3  
  137  11:30  Pylon  
  137  11:32  Pylon  
  147  11:33  Pylon  
  147  11:39  Disruptor (Chrono Boost)  
  147  11:45  Shield Upgrade  
  150  11:52  Stalker x5  
  160  11:56  Nexus  
  160  11:58  Pylon  
  160  12:06  Photon Cannon  
  160  12:08  Photon Cannon  
  159  12:10  Disruptor (Chrono Boost)  
  159  12:11  Photon Cannon  
  162  12:19  Zealot x4  
  162  12:20  Zealot  
  172  12:27  Probe  
  172  12:28  Probe  
  167  12:30  Pylon  
  167  12:32  Pylon  
  167  12:33  Pylon  
  156  12:54  Observer (Chrono Boost)  
  154  13:00  Dark Templar x2  
  154  13:01  Dark Templar  
  154  13:05  Protoss Ground Armor Level 2 (Chrono Boost)  
  161  13:20  Sentry x2  
  161  13:26  Disruptor  
  161  13:27  Pylon  
  167  13:28  Nexus  
  167  13:33  Stalker x3  
  161  13:53  Dark Templar x2  
  164  13:57  Pylon  
  164  13:58  Pylon  
  164  14:02  Disruptor  
  134  14:20  Stalker  
  126  14:29  Probe  
  126  14:30  Probe  
  126  14:31  Probe  
  127  14:35  Stalker x3  
  127  14:36  Stalker  
  127  14:37  Disruptor (Chrono Boost)  
  138  14:38  Probe  
  138  14:39  Probe  
  138  14:40  Photon Cannon  
  138  14:42  Probe  
  138  14:43  Probe  
  142  14:46  Photon Cannon  
  142  14:49  Probe x2  
  144  14:58  Assimilator  
  144  15:00  Assimilator  
  144  15:01  Protoss Shields Level 1 (Chrono Boost)  
  144  15:08  Stalker x2  
  144  15:11  Disruptor (Chrono Boost)  
  151  15:25  Stalker x3  
  152  15:35  Stalker x2  
  152  15:45  Disruptor  
  155  15:56  Adept x3  
  161  15:58  Adept x2  
  153  16:19  Adept, Pylon  
  153  16:20  Adept x2, Disruptor (Chrono Boost), Pylon  
  153  16:22  Nexus  
  122  16:42  Zealot x5  
  122  16:43  Probe  
  122  16:46  Probe  
  126  16:50  Pylon  
  126  16:52  Pylon  
  121  16:54  Disruptor (Chrono Boost)  
  121  16:55  Probe  
  121  16:56  Probe  
  126  17:03  Gateway  
  126  17:04  Gateway  
  126  17:05  Dark Templar x2  
  126  17:08  Gateway  
  129  17:19  Sentry x3  
  129  17:21  Pylon  
  135  17:23  Pylon  
  135  17:28  Probe  
  121  17:48  Probe  
  121  17:50  Disruptor (Chrono Boost)  
  122  17:51  Stalker  
  122  17:52  Stalker x3  
  133  18:00  Photon Cannon  
  133  18:03  Photon Cannon  
  133  18:05  Assimilator  
  133  18:10  Assimilator  
  133  18:11  Stalker x3  
  139  18:19  Stalker  
  141  18:20  Stalker x3  
  141  18:22  Disruptor  
  150  18:34  Stalker x2  
  145  18:46  Stalker  
  145  18:47  Stalker x4  
  121  19:04  Stalker x2  
  113  19:10  Stalker x2  
  113  19:11  Stalker x2  
  113  19:13  Stalker  
  122  19:28  Stalker  
  122  19:29  Stalker  
  124  19:39  Sentry x3  
  105  20:00  Probe  
  105  20:04  Dark Templar, Zealot x3  
  105  20:05  Zealot  
  116  20:09  Probe  
  117  20:14  Nexus  
  109  20:37  Stalker x5  
  117  20:46  Probe  
  117  20:47  Probe  
  117  20:48  Pylon  
  97  21:15  Stalker x3  
  97  21:16  Stalker  
Tags
 
Add a new tag
Caveats
  • Supply blocks, unpowered buildings, or Contaminate may cause inaccurate times.
  • Supply counts are checked every 10 seconds.